 Dungeon Crawl Stone Soup version 0.30-b1-2-g02819fbbbe (webtiles) character file.

Game seed: 4324273802092833507

1689 Metae the Trooper (level 8, -5/73 HPs)
             Began as a Minotaur Fighter on June 13, 2023.
             Slain by a killer bee (6 damage)
             ... on level 6 of the Dungeon.
             The game lasted 00:14:45 (5120 turns).

Metae the Trooper (Minotaur Fighter)                Turns: 5120, Time: 00:14:46

Health: -5/73      AC: 18    Str: 24    XL:     8   Next: 71%
Magic:  7/7        EV:  7    Int:  5    God:
Gold:   190        SH:  5    Dex:  9    Spells: 7/7 levels left

rFire   . . .        a - +0 flail
rCold   . . .        c - +0 buckler
rNeg    . . .        t - +0 plate armour
rPois   .            (helmet restricted)
rElec   .            (no cloak)
rCorr   .            q - +2 pair of gloves
SInv    .            g - +0 pair of boots
Will    .....        (no amulet) Stlth
                     (no ring)
HPRegen 0.32/turn    (no ring)
MPRegen 0.10/turn

%: no passive effects
@: no status effects
A: horns 2, retaliatory headbutt
a: no special abilities


You were on level 6 of the Dungeon.
You visited 1 branch of the dungeon, and saw 6 of its levels.
You also visited: Sewer.

You collected 218 gold pieces.
You spent 28 gold pieces at shops.

Inventory:

Hand Weapons
 a - a +0 flail (weapon)
 j - a +0 sling
Missiles
 f - 86 stones (quivered)
 n - 5 boomerangs
 w - 3 throwing nets
 D - 5 poisoned darts
Armour
 c - a +0 buckler (worn)
 g - a +0 pair of boots (worn)
 q - a +2 pair of gloves (worn)
 s - a +0 chain mail
 t - a +0 plate armour (worn)
Wands
 v - a wand of flame (7)
 A - a wand of polymorph (5)
Scrolls
 i - 3 scrolls of enchant armour
 k - a scroll of fear
 l - 2 scrolls of identify
 m - 5 scrolls of teleportation
 p - 2 scrolls of magic mapping
 x - a scroll of vulnerability {unknown}
 y - a scroll of brand weapon {unknown}
 z - a scroll of immolation {unknown}
 B - a scroll of noise {unknown}
 C - a scroll of amnesia {unknown}
Potions
 b - 3 potions of ambrosia {unknown}
 d - a potion of might
 e - 2 potions of resistance {unknown}
 h - 2 potions of curing {unknown}
 o - 2 potions of attraction {unknown}
 r - a potion of lignification {unknown}
 u - 3 potions of heal wounds {unknown}


   Skills:
 + Level 7.5 Fighting
 + Level 7.0 Maces & Flails
 + Level 7.4 Armour
 + Level 7.5 Shields
 + Level 1.6 Evocations


You had 7 spell levels left.
You didn't know any spells.
Your spell library contained the following spells:

 Spells                   Type           Power      Damage    Failure   Level
 Apportation              Tloc           0%         N/A       100%        1
 Necrotise                Necr           0%         1d4       100%        1
 Summon Small Mammal      Summ           0%         N/A       100%        1
 Ensorcelled Hibernation  Hex/Ice        0%         N/A       100%        2
 Passwall                 Tmut/Erth      0%         N/A       100%        2
 Swiftness                Air            0%         N/A       100%        3
 Animate Dead             Necr           0%         N/A       100%        4
 Borgnjor's Vile Clutch   Necr/Erth      0%         N/A       100%        5
 Death Channel            Necr           0%         N/A       100%        6


Dungeon Overview and Level Annotations

Branches:
Dungeon (6/15)              Sewer (visited)
 Temple: D:4-7

Altars:
Elyvilon
Fedhas
Kikubaaqudgha
Makhleb
Nemelex Xobeh
Qazlal
Ru
Sif Muna
Yredelemnul
Zin
The Shining One

Shops:
D:1 ?


Innate Abilities, Weirdness & Mutations

You have a pair of horns on your head.
You reflexively headbutt those who attack you in melee.


Message History

You feel very sick.
The killer bee stings you but does no damage. x2
You feel sick.
The killer bee stings you but does no damage.
The killer bee closely misses you.
You feel sick.
The killer bee attacks as you move away!
The killer bee stings you but does no damage.
You feel sick.
The killer bee stings you but does no damage. x2
The killer bee barely misses you. You furiously retaliate!
You headbutt the killer bee!
You kill the killer bee!
Your Maces & Flails skill increases to level 7!
The killer bee attacks as you move away!
The killer bee closely misses you.
You feel sick.
The killer bee stings you but does no damage.
You sock the killer bee!
The killer bee is severely wounded.
You feel sick. The killer bee closely misses you.
The killer bee barely misses you.
You miss the killer bee. Your headbutt misses the killer bee.
The killer bee is severely wounded.
You feel sick.
The killer bee stings you but does no damage.
The killer bee stings you.
* * * LOW HITPOINT WARNING * * *
You hit the killer bee but do no damage.
Your headbutt misses the killer bee.
The killer bee is severely wounded.
You feel sick.
You are no longer poisoned.
The killer bee stings you but does no damage.
The killer bee barely misses you.
You closely miss the killer bee. Your headbutt misses the killer bee.
The killer bee is severely wounded.
The killer bee stings you!
* * * LOW HITPOINT WARNING * * *
The killer bee stings you.
You die...

#.....##.##.......#
########.......#### ###
#.####### #.. ##.## #.# .
#...# #.# .( #...# #.# ...
#...#### #######.# ....
#...##.###.....!.#.....
.#####...#.@y..........#
............#.#.###.###.....
............##..##..# ....
.......<..).#.#.....# ...
.####..............#........
#.#...#.)#.........#... .
#.##...#..#.........# # ##
#...#.#####...#### #......#
....#


You could see a killer bee.

Vanquished Creatures
  Pargi (Sewer)
  A black bear (D:4)
  3 ogres
  A centaur (D:6)
  2 phantoms
  A necrophage (D:4)
  3 scorpions (D:6)
  3 killer bees (D:6)
  3 howler monkeys (D:5)
  A jelly (D:6)
  4 hounds
  2 iguanas
  Natasha (thrice) (D:3)
  2 orc wizards (D:5)
  A hound skeleton (D:4)
  3 gnolls (D:4)
  8 adders
  A white imp (D:6)
  An ufetubus (D:5)
  2 worms
  2 dart slugs
  9 orcs
  A bat zombie (D:5)
  6 endoplasms
  2 giant cockroaches
  4 goblins
  6 hobgoblins
  7 jackals
  9 kobolds
  3 quokkas
  5 ball pythons
  5 bats
  4 frilled lizards
  2 rats (D:3)
  A rat zombie (D:5)
112 creatures vanquished.

Vanquished Creatures (others)
  A sleepcap (D:5)
  An orc (D:5)
  2 bat zombies (D:5)
  A rat zombie (D:5)
  5 plants (D:4)
10 creatures vanquished.

Grand Total: 122 creatures vanquished

Notes
Turn   | Place    | Note
-------+----------+-------------------------------------------
     0 | D:1      | Metae the Minotaur Fighter began the quest for the Orb.
     0 | D:1      | Reached XP level 1. HP: 19/19 MP: 0/0
   210 | D:1      | Found Housm's Magic Scroll Emporium.
   504 | D:2      | Reached XP level 2. HP: 24/27 MP: 1/1
   529 | D:2      | HP: 1/27 [poisoned by a goblin]
   947 | D:2      | Reached XP level 3. HP: 31/33 MP: 2/2
  1279 | D:3      | Noticed Natasha
  1287 | D:3      | Killed Natasha
  1288 | D:3      | Reached XP level 4. HP: 35/41 MP: 3/3
  1295 | D:3      | Found a glowing silver altar of Zin.
  1349 | D:3      | Found a faded altar of an unknown god.
  1397 | D:3      | Found a glowing drain.
  1406 | Sewer    | Entered a sewer
  1539 | Sewer    | Noticed Pargi
  1546 | Sewer    | Killed Pargi
  1547 | Sewer    | Reached XP level 5. HP: 24/47 MP: 4/4
  1787 | D:3      | Found a shimmering blue altar of Sif Muna.
  1787 | D:3      | Found a blossoming altar of Fedhas.
  1894 | D:3      | Noticed Natasha
  1902 | D:3      | Killed Natasha
  1903 | D:3      | Reached skill level 5 in Fighting
  1903 | D:3      | Reached skill level 5 in Armour
  1903 | D:3      | Reached skill level 5 in Shields
  1980 | D:3      | Noticed Natasha
  1991 | D:3      | Killed Natasha
  2269 | D:1      | Bought a scroll of identify for 28 gold pieces
  2385 | D:4      | Reached XP level 6. HP: 38/56 MP: 5/5
  2789 | D:4      | Reached skill level 5 in Maces & Flails
  2789 | D:4      | Reached XP level 7. HP: 61/62 MP: 6/6
  2937 | D:4      | Found a burning altar of Makhleb.
  3146 | D:4      | Found a basalt altar of Yredelemnul.
  3149 | D:4      | Found a glowing golden altar of the Shining One.
  3151 | D:4      | Noticed an angel
  3168 | D:4      | Noticed a profane servitor
  3290 | D:5      | Entered Level 5 of the Dungeon
  3349 | D:5      | Found a sacrificial altar of Ru.
  3810 | D:5      | Found a white marble altar of Elyvilon.
  3881 | D:5      | Reached XP level 8. HP: 68/71 MP: 7/7
  3932 | D:5      | Found a stormy altar of Qazlal.
  4250 | D:5      | Found an ancient bone altar of Kikubaaqudgha.
  5017 | D:6      | Found a sparkling altar of Nemelex Xobeh.
  5067 | D:6      | Reached skill level 1 in Evocations
  5120 | D:6      | HP: 1/73 [killer bee (7)]
  5120 | D:6      | Slain by a killer bee

Illustrated notes

Levels and vault maps discovered:
D:1:      nzn_arrival_settlement, layout_rooms, serial_shops, shop
D:2:      layout_rooms, due_unseen_surprise
D:3:      layout_rooms, mainiacjoe_overflow_alcove_1, jmf_multi_god_temple,
          portal_sewer_entry_d, ebering_ecumenical_altar_hall, uniq_natasha
D:4:      layout_loops_ring, grunt_temple_overflow_holy_war,
          makhleb_blood_cavern_becter, nicolae_grassy_gnolls
D:5:      layout_loops_corners, kennysheep_mini_moat, lemuel_tele_altar,
          nicolae_ru_great_annihilating_truth,
          lemuel_zombie_altar_kikubaaqudgha, minivault_14, lemuel_flamethrower_2
D:6:      layout_loops_cross, nemelex_dance_club_becter

Skill      XL: |  1  2  3  4  5  6  7  8 |
---------------+-------------------------+-----
Fighting       | 4 5 6 7 |  7.5
Maces & Flails | 3 4 5 6 7 |  7.0
Armour         | 4 5 6 7 |  7.4
Shields        | 4 5 6 7 |  7.5
Evocations     | 1 |  1.6

Action                     |  1- 3 |  4- 6 |  7- 9 || total
---------------------------+-------+-------+-------++-------
  Melee: Flail             |    67 |   110 |   166 ||   343
         Headbutt          |    11 |    20 |    22 ||    53
    Use: Scroll            |       |     5 |       ||     5
   Stab: Paralysed         |       |       |     1 ||     1
 Armour: Scale mail        |    40 |    32 |       ||    72
         Plate armour      |       |    49 |   127 ||   176
  Dodge: Dodged            |    40 |    54 |    53 ||   147
  Block: Buckler           |    21 |    22 |    42 ||    85
